 Dungeon Crawl Stone Soup version 0.15.2-1-g79e6ab2eea (webtiles) character file.

4 MisterOstroum the Insei (level 1, 0/18 HPs)
             Began as a Mummy Monk on Dec 16, 2020.
             Slain by a jackal (3 damage)
             ... on Level 1 of the Dungeon.
             The game lasted 00:00:42 (88 turns).

MisterOstroum the Insei (Mummy Monk)                  Turns: 88, Time: 00:00:42

HP   0/18        AC  0     Str 14      XL: 1   Next: 50%
MP   1/1         EV 13     Int  9      God:
Gold 15          SH  0     Dex 14      Spells:  0 memorised,  0 levels left

rFire  x . .     SeeInvis .       - Unarmed
rCold  + . .     Clarity  .     (no armour)
rNeg   + + +     rCorr    .     (no shield)
rPois  +         rRot     +     (no helmet)
rElec  .         Spirit   .     (no cloak)
SustAb .         Warding  .     (no gloves)
rMut   .         Stasis   .     (no boots)
Gourm  .                        (no amulet)
MR     .....                    (no ring)
                                (no ring)

@: not resistant to hostile enchantments, unstealthy
A: no food or potions, fire vulnerability, restore body, cold resistance 1,
negative energy resistance 3, poison resistance, torment resistance, unbreathing
a: no special abilities


You were on level 1 of the Dungeon.
You were not hungry.

You visited 1 branch of the dungeon, and saw 1 of its levels.

You collected 15 gold pieces.

Inventory:

Missiles
 b - 13 stones {=f}
Armour
 a - a +0 robe


   Skills:
 - Level 3.0 Fighting
 - Level 2.4 Dodging
 - Level 1.5 Stealth
 + Level 3.4 Unarmed Combat


You couldn't memorise any spells.
You didn't know any spells.

Dungeon Overview and Level Annotations

Branches:
Dungeon (1/15)

Altars:


Innate Abilities, Weirdness & Mutations

You do not eat or drink.
Your flesh is vulnerable to fire.
Your flesh is cold resistant.
You are immune to negative energy.
Your system is resistant to poisons.
You are immune to unholy pain and torment.
You can survive without breathing.


Message History

Welcome, MisterOstroum the Mummy Monk.
They say that the Orb of Zot exists deep within this dungeon, but nobody has ever found it.
Press ? for a list of commands and other information.
Found 13 stones.
Found a staircase leading out of the dungeon.
Wear which item? (? for menu, Esc to quit)
You start removing your armour.
You continue taking off your +0 robe.
You continue taking off your +0 robe. x3
You finish taking off your +0 robe.
Found a white potion.
b - 13 stones {=f} You see here a white potion.
Key pressed, stopping explore.
You now have 15 gold pieces.
A bat comes into view.
A bat is nearby!
A bat is nearby!
You miss the bat. The bat hits you. The bat barely misses you.
You hit the bat.
The bat is moderately wounded.
The bat closely misses you. The bat misses you.
You barely miss the bat. The bat barely misses you. The bat misses you.
The bat completely misses you. The bat hits you. x2
You hit the bat.
The bat is severely wounded.
The bat barely misses you.
You barely miss the bat.
The bat is severely wounded.
The bat barely misses you. The bat hits you. The bat hits you.
You hit the bat.
You kill the bat!
No target in view!
You see here a bat corpse.
Found an orange potion.
No target in view! 4 jackals, a giant cockroach and a kobold come into view.
The kobold shouts!
The jackal barks!
The jackal barks!
The jackal barks!
The jackal barks!
The jackal moves out of view. x2
Found a scroll labeled BRECWYZIGH.
There are monsters nearby!
There are monsters nearby!
You barely miss the jackal. The jackal bites you.
You are too injured to fight recklessly!
You are too injured to fight recklessly!
You are too injured to fight recklessly!
You are too injured to fight recklessly!
You are too injured to fight recklessly!
The jackal bites you.
You see here a bat corpse.
You hit the jackal.
The jackal is moderately wounded.
The jackal bites you. The jackal barely misses you.
You hit the jackal.
The jackal is moderately wounded.
The jackal bites you.
You hit the jackal.
You kill the jackal!
You barely miss the kobold. The kobold misses you.
Unknown command.
The jackal bites you.
There is a staircase leading out of the dungeon here.
The jackal misses you.
You hit the jackal.
The jackal is moderately wounded.
The jackal closely misses you. The jackal bites you.
* * * LOW HITPOINT WARNING * * *
You hit the jackal.
You kill the jackal!
The jackal bites you.
* * * LOW HITPOINT WARNING * * *
The giant cockroach completely misses you.
The jackal bites you.
You die...

#####
#...###
###.....##
#....@...##
##..##.hs..#
#..####K#.##
#.## ##..##
#.# #...#
#.## #.<.#
#..###...#
##!.#...## .
#....###
#.#.#


You could see a jackal, a giant cockroach and a kobold.

Vanquished Creatures
  A bat (D:1)
  2 jackals (D:1)
3 creatures vanquished.

Notes
Turn   | Place    | Note
--------------------------------------------------------------
     0 | D:1      | MisterOstroum, the Mummy Monk, began the quest for the Orb.
     0 | D:1      | Reached XP level 1. HP: 18/18 MP: 1/1
    88 | D:1      | Slain by a jackal

Action                   || total
-------------------------++-------
Melee: Unarmed           ||    13
